 Dungeon Crawl Stone Soup version 0.30-a0-591-g3c58d2bc28 (webtiles) character file.

Game seed: 17175400643408605781

321 Citaku the Covered (level 6, 0/53 HPs)
             Began as a Minotaur Fighter on Jan 6, 2023.
             Was an Initiate of Trog.
             Slain by an orc warrior
             ... wielding a +0 trident
              (8 damage)
             ... on level 4 of the Dungeon.
             The game lasted 00:05:24 (3525 turns).

Citaku the Covered (Minotaur Fighter)               Turns: 3525, Time: 00:05:24

Health: 0/53       AC: 15    Str: 20    XL:     6   Next: 22%
Magic:  5/5        EV:  9    Int:  5    God:    Trog [......]
Gold:   211        SH:  5    Dex: 12    Spells: 5/5 levels left

rFire   . . .      SeeInvis .    q - +2 short sword (protect)
rCold   . . .      Faith    .    c - +0 buckler
rNeg    + . .      Spirit   .    b - +0 scale mail
rPois   .          Reflect  .    (helmet restricted)
rElec   .          Harm     .    (no cloak)
rCorr   +          Rampage  .    m - +0 pair of gloves
Will    .....                    (no boots) Stlth
                                 (no amulet)
HPRegen 0.28/turn                g - ring of positive energy
MPRegen 0.09/turn                x - ring of resist corrosion

@: under a protective aura
A: horns 2, retaliatory headbutt
a: Renounce Religion


You were on level 4 of the Dungeon.
You worshipped Trog.
Trog was noncommittal.
You visited 1 branch of the dungeon, and saw 4 of its levels.

You collected 211 gold pieces.

Inventory:

Hand Weapons
 q - a +2 short sword of protection (weapon)
Armour
 b - a +0 scale mail (worn)
 c - a +0 buckler (worn)
 m - a +0 pair of gloves (worn)
Jewellery
 g - a ring of positive energy (left hand)
 x - a ring of resist corrosion (right hand)
Scrolls
 a - a scroll of torment {unknown}
 d - 3 scrolls of immolation {unknown}
 f - 3 scrolls of enchant weapon {unknown}
 h - 2 scrolls of teleportation {unknown}
 j - 3 scrolls of enchant armour {unknown}
 k - 2 scrolls of fear {unknown}
 l - 3 scrolls of identify {unknown}
 n - 2 scrolls of amnesia {unknown}
 r - 2 scrolls of fog {unknown}
 u - a scroll of magic mapping {unknown}
 w - a scroll of poison {unknown}
Potions
 e - 2 potions of brilliance {unknown}
 i - 4 potions of lignification {unknown}
 o - 2 potions of curing {unknown}
 p - a potion of heal wounds {unknown}
 s - 2 potions of haste {unknown}
 t - a potion of attraction {unknown}


   Skills:
 + Level 4.6 Fighting
 * Level 5.0 Axes
 * Level 5.7 Armour
 + Level 4.7 Shields


You had 5 spell levels left.
You didn't know any spells.
Your spell library was empty.

Dungeon Overview and Level Annotations

Branches:
Dungeon (4/15)
 Temple: D:4-7

Altars:
Ashenzari
Fedhas
Kikubaaqudgha
Trog
Zin


Innate Abilities, Weirdness & Mutations

You have a pair of horns on your head.
You reflexively headbutt those who attack you in melee.


Message History

You hit something. Your headbutt misses something.
The orc warrior closely misses you. Something hits you but does no damage.
You hit something but do no damage.
The orc warrior hits you but does no damage.
You hear some strange, mumbled words.
A puff of flame appears from out of thin air!
The puff of flame hits you but does no damage.
You hit something. You block the orc warrior's attack.
Something hits you but does no damage.
You miss something.
The orc warrior hits you from afar with a +0 trident!
* * * LOW HITPOINT WARNING * * *
Something hits you but does no damage.
You miss something.
The orc warrior hits you from afar with a +0 trident.
* * * LOW HITPOINT WARNING * * *
Something hits you but does no damage.
You hit something. Your headbutt misses something.
You block the orc warrior's attack. Something hits you but does no damage.
You closely miss something. The orc warrior closely misses you.
Something hits you but does no damage.
You hit something.
The orc warrior hits you but does no damage.
You hear some strange, mumbled words.
A magic dart appears from out of thin air!
The magic dart hits you.
* * * LOW HITPOINT WARNING * * *
You miss something.
The orc warrior hits you but does no damage.
Something hits you but does no damage.
You hit something.
The orc warrior hits you from afar with a +0 trident.
* * * LOW HITPOINT WARNING * * *
Something hits you.
* * * LOW HITPOINT WARNING * * *
You miss something. The orc warrior barely misses you.
Something hits you but does no damage.
You completely miss something. Your headbutt misses something.
The orc warrior hits you from afar with a +0 trident!
You die...

#.####'###..##..##
#.####..##...#...# #
#.#.....##:.##...# .#
.##.....##..##..####$#
.#....).#...##..##...#
##..##..##......#....#
#...##..##......#....#
#....#..........#)o..#
.....#..........@{?..#
##########†###.###....#
#...######.###+###.####
#...................
+...................#
###...##.......######
###...##..####'# ..##
......#######..##...#
....................#


You could see an orc warrior.

Vanquished Creatures
  A phantom (D:4)
  2 hounds (D:3)
  An orc priest (D:3)
  An orc wizard (D:3)
  A gnoll (D:3)
  3 adders
  A worm (D:2)
  3 dart slugs
  13 orcs
  2 bats (D:1)
  5 endoplasms
  3 giant cockroaches (D:1)
  5 hobgoblins
  8 kobolds
  4 quokkas
  11 ball pythons
  3 frilled lizards
  4 goblins
  6 rats
77 creatures vanquished.

Vanquished Creatures (others)
  2 plants (D:3)
  5 withered plants (D:3)
7 creatures vanquished.

Grand Total: 84 creatures vanquished

Notes
Turn   | Place    | Note
-------+----------+-------------------------------------------
     0 | D:1      | Citaku the Minotaur Fighter began the quest for the Orb.
     0 | D:1      | Reached XP level 1. HP: 19/19 MP: 0/0
   126 | D:1      | Found a faded altar of an unknown god.
   131 | D:1      | Reached XP level 2. HP: 26/27 MP: 1/1
   636 | D:1      | Reached XP level 3. HP: 33/33 MP: 2/2
  2072 | D:3      | Reached XP level 4. HP: 38/40 MP: 3/3
  2248 | D:3      | Found a glowing silver altar of Zin.
  2255 | D:3      | Found a bloodstained altar of Trog.
  2338 | D:3      | Became a worshipper of Trog the Wrathful
  2373 | D:3      | Reached XP level 5. HP: 45/46 MP: 4/4
  2376 | D:3      | Found a blossoming altar of Fedhas.
  2378 | D:3      | Found an ancient bone altar of Kikubaaqudgha.
  2465 | D:3      | Reached skill level 5 in Armour
  2504 | D:3      | Found a broken altar of Ashenzari.
  2963 | D:4      | Noticed a phantom
  2972 | D:4      | Killed a phantom
  2973 | D:4      | Reached XP level 6. HP: 53/53 MP: 5/5
  2998 | D:4      | Reached skill level 5 in Axes
  3495 | D:4      | Noticed an orc warrior
  3525 | D:4      | Slain by an orc warrior

Illustrated notes

Levels and vault maps discovered:
D:1:      sevenhm_arrival_forest_fort_large_4, layout_loops_corners,
          nicolae_ecumenical_snake_handling, minmay_misc_feat_ornament,
          palyth_stone_intersect, minmay_misc_feat_tower, minmay_pentomino_x4
D:2:      layout_loops_corners, minmay_misc_feat_more_columns
D:3:      layout_loops_cross, grunt_temple_overflow_growth_and_decay,
          mainiacjoe_overflow_boulevard, mainiacjoe_overflow_big_doors,
          cheibrodos_gnoll_hut
D:4:      cheibrodos_quashed, layout_gridville, grunt_decor_clamped

Skill      XL: |  1  2  3  4  5  6 |
---------------+-------------------+-----
Axes           | 3 4 5 |  5.0
Armour         | 4 5 |  5.7
Fighting       | 4 |  4.6
Shields        | 4 |  4.7

Action                   |  1- 3 |  4- 6 || total
-------------------------+-------+-------++-------
Melee: War axe           |    53 |       ||    53
       Short sword       |    32 |   110 ||   142
       Headbutt          |    12 |    21 ||    33
  Use: Potion            |       |     1 ||     1
Armor: Scale mail        |    44 |    83 ||   127
Dodge: Dodged            |    49 |    44 ||    93
Block: Buckler           |    23 |    24 ||    47

Table legend: (Time is in decaauts)
 A = Elapsed time spent in this place.
 B = Non-inter-level travel time spent in this place.
 C = Inter-level travel time spent in this place.
 D = Time resting spent in this place.
 E = Time spent auto-exploring this place.
 F = Levels seen in this place.
 G = Mean time per level.
                   A        B        C        D        E       F      G
               +--------+--------+--------+--------+--------+-----+--------+
         Total |   3548 |   3548 |      0 |      0 |   2754 |   4 |  887.0 |
       Dungeon |   3548 |   3548 |      0 |      0 |   2754 |   4 |  887.0 |
               +--------+--------+--------+--------+--------+-----+--------+

Top non-repeatable levels by time:
     D:1: 1148 daAuts
     D:2: 936 daAuts
     D:3: 899 daAuts
     D:4: 563 daAuts
